 Dungeon Crawl Stone Soup version 0.29.0-7-g18a832c13a (webtiles) character file.

Game seed: 5796431780591124007

55 Colgate the Insei (level 3, -8/23 HPs)
             Began as an Octopode Transmuter on Aug 30, 2022.
             Mangled by a gnoll
             ... wielding a +0 whip
              (9 damage)
             ... on level 2 of the Dungeon.
             The game lasted 00:01:54 (2016 turns).

Colgate the Insei (Octopode Transmuter)             Turns: 2016, Time: 00:01:55

Health: -8/23      AC:  1    Str:  9    XL:     3   Next: 93%
Magic:  6/6        EV: 13    Int: 17    God:
Gold:   17         SH:  0    Dex: 12    Spells: 5/6 levels left

rFire   . . .      SeeInvis .     - Unarmed
rCold   . . .      Faith    .   (no shield)
rNeg    . . .      Spirit   .   (helmet restricted)
rPois   .          Reflect  .   (no amulet)
rElec   .          Harm     .   (no ring)
rCorr   .          Rampage  .   (no ring)
Will    .....                   (no ring)
Stlth   ++........              (no ring)
HPRegen 0.07/turn               (no ring)
MPRegen 0.10/turn               (no ring)
                                (no ring)
                                (no ring)

@: no status effects
A: almost no armour, amphibious, 8 rings, camouflage 1, gelatinous body 1,
(nimble swimmer 1), tentacles
a: no special abilities


You were on level 2 of the Dungeon.
You visited 1 branch of the dungeon, and saw 2 of its levels.

You collected 17 gold pieces.

Inventory:

Missiles
 b - 5 boomerangs
 f - 2 throwing nets {!f}
 g - 4 poisoned darts
Scrolls
 e - 2 scrolls of amnesia {unknown}
 h - a scroll of teleportation {unknown}
Potions
 a - a potion of lignification
 c - a potion of berserk rage {unknown}
 d - a potion of attraction {unknown}


   Skills:
 - Level 1.0 Fighting
 - Level 2.0 Dodging
 + Level 4.7 Unarmed Combat
 - Level 2.0 Spellcasting
 - Level 2.0 Transmutations


You had 5 spell levels left.
You knew the following spells:

 Your Spells              Type           Power      Damage    Failure   Level
a - Beastly Appendage     Tmut           16%        N/A       9%          1

Your spell library contained the following spells:

 Spells                   Type           Power      Damage    Failure   Level
 Wereblood                Tmut           8%         N/A       13%         2
 Spider Form              Tmut/Pois      5%         N/A       36%         3
 Ice Form                 Ice/Tmut       5%         N/A       77%         4


Dungeon Overview and Level Annotations

Branches:
Dungeon (2/15)

Altars:


Innate Abilities, Weirdness & Mutations

You cannot wear most types of armour.
You are amphibious.
You can wear up to eight rings at the same time.
Your skin changes colour to match your surroundings (Stealth+).
Your rubbery body absorbs attacks. (AC +1, EV +1)
((You are camouflaged when in or above water. (Stealth+)))
You have tentacles for arms and can constrict up to eight enemies at once.


Message History

The bat attacks as you move away! The bat closely misses you.
The bat barely misses you. The bat closely misses you.
You closely miss the bat. Your grab misses the bat. You squeeze the bat.
The bat barely misses you.
You tentacle-slap the bat.
You kill the bat!
The adder bites you.
You tentacle-slap the adder but do no damage.
You grab the adder. You constrict the adder. The adder bites you.
You are poisoned.
The adder poisons you!
You tentacle-slap the adder. You constrict the adder.
You feel sick. The adder misses you.
The gnoll shouts!
You tentacle-slap the adder but do no damage.
You constrict the adder.
You feel sick.
You hear a shout!
The adder closely misses you.
You tentacle-slap the adder.
You kill the adder!
You feel sick.
You closely miss the rat. Your grab misses the rat.
You feel sick. The rat closely misses you.
You closely miss the rat. Your grab misses the rat. You squeeze the rat.
You kill the rat!
You feel sick.
You are no longer poisoned.
The worm bites you.
* * * LOW HITPOINT WARNING * * *
You see here an adder corpse.
You tentacle-slap the worm. You grab the worm.
You constrict the worm, but do no damage.
You tentacle-slap the worm. You constrict the worm.
The worm bites you but does no damage.
You tentacle-slap the worm. You squeeze the worm.
You kill the worm!
You tentacle-slap the gnoll but do no damage.
Your grab misses the gnoll. The gnoll hits you with a +0 whip!
You die...

#######...........##
...................#
.######..##.#####..# #
#..##.# #..# .#. #..##.##
#..# .... #..##..# #..#
..... #..###.# #..#
......#######..# #.# #..#
......g.gg@....# #.# #รท.#
.g....##g####.####.####..#
..... #.####............#
.... #........#..#######
.#. #..#####.#..# # ...#
#.#..# #g## #.#.)# #.#
#....# ##...#


You could see 3 gnolls and a hobgoblin.

Vanquished Creatures
  2 adders (D:2)
  A worm (D:2)
  A dart slug (D:1)
  An endoplasm (D:1)
  3 goblins (D:1)
  3 hobgoblins (D:1)
  3 jackals (D:1)
  5 kobolds
  2 quokkas (D:1)
  A ball python (D:2)
  4 bats
  A frilled lizard (D:1)
  4 rats
31 creatures vanquished.

Notes
Turn   | Place    | Note
-------+----------+-------------------------------------------
     0 | D:1      | Colgate the Octopode Transmuter began the quest for the
                  | Orb.
     0 | D:1      | Reached XP level 1. HP: 13/13 MP: 3/3
   466 | D:1      | Reached XP level 2. HP: 18/18 MP: 5/5
   897 | D:1      | Reached skill level 4 in Unarmed Combat
   995 | D:1      | Reached XP level 3. HP: 23/23 MP: 6/6
  2012 | D:2      | HP: 1/23 [worm (5)]
  2016 | D:2      | Mangled by a gnoll

Illustrated notes

Levels and vault maps discovered:
D:1:      dpeg_arrival_round_a, layout_basic
D:2:      layout_loops_ring

Skill      XL: |  1  2 |
---------------+-------+-----
Unarmed Combat | 4 |  4.7
Fighting       | |  1.0
Dodging        | |  2.0
Spellcasting   | |  2.0
Transmutations | |  2.0

Action                   || total
-------------------------++-------
Melee: Unarmed           ||    65
       Constrict         ||    18
       Tentacles         ||    15
       Punch             ||     4
 Stab: Sleeping          ||     3
Armor: Skin              ||     4
Dodge: Dodged            ||    43
